 Dungeon Crawl Stone Soup version 0.31-a0-435-g2c6fae2916 (webtiles) character file.

Game seed: 11160099882506056166

896 Maxmaps the Trooper (level 8, -1/60 HPs)
             Began as an Octopode Shapeshifter on Aug 1, 2023.
             Was an Initiate of Gozag.
             Slain by Pikel
             ... wielding a +0 whip of freezing
              (3 damage)
             ... on level 4 of the Dungeon.
             The game lasted 00:04:00 (3765 turns).

Maxmaps the Trooper (Octopode Shapeshifter)         Turns: 3765, Time: 00:04:01

Health: -1/60      AC:  1    Str: 14    XL:     8   Next: 7%
Magic:  8/8        EV: 13    Int: 17    God:    Gozag
Gold:   187        SH:  0    Dex:  8    Spells: 7/7 levels left

rFire   . . .        a - +0 dagger (elec)
rCold   . . .        (no shield)
rNeg    . . .        (helmet currently unavailable)
rPois   +            (no amulet)
rElec   .            l - ring "Gutazyud" {rPois rCorr Int+4 Dex-4}
rCorr   +            (no ring)
SInv    .            (no ring)
Will    .....        (no ring)
Stlth   +++          (no ring)
HPRegen 0.30/turn    (no ring)
MPRegen 0.11/turn    (no ring)
                     (no ring)

%: no passive effects
@: beast-form
A: beast (slay +2), almost no armour, amphibious, 8 rings, camouflage 1,
gelatinous body 1, (nimble swimmer 1), tentacles
a: Begin Untransformation, Renounce Religion, Potion Petition, Call Merchant,
Bribe Branch


You were on level 4 of the Dungeon.
You worshipped Gozag.
Gozag was aware of your devotion.
You were a hulking beast.
You visited 2 branches of the dungeon, and saw 5 of its levels.

You collected 255 gold pieces.
You paid 68 gold pieces to Gozag.

Inventory:

Hand Weapons
 a - a +0 dagger of electrocution (weapon)
Jewellery
 l - the ring "Gutazyud" (left tentacle) {rPois rCorr Int+4 Dex-4}
   (You found it on level 4 of the Dungeon)

   [ring of resist corrosion]

   Int:       It affects your intelligence (+4).
   Dex:       It affects your dexterity (-4).
   rPois:     It protects you from poison.
   rCorr:     It protects you from acid and corrosion.
Talismans
 b - a beast talisman (active)
Scrolls
 c - a scroll of blinking
 f - a scroll of torment {unknown}
 i - a scroll of enchant weapon
Potions
 d - a potion of brilliance {unknown}
 e - a potion of degeneration {unknown}
 g - a potion of enlightenment {unknown}
 k - a potion of curing {unknown}
 m - a potion of berserk rage {unknown}


   Skills:
 - Level 7.4 Fighting
 + Level 2.1 Short Blades
 - Level 2.0 Dodging
 - Level 5.1 Stealth
 - Level 3.5 Unarmed Combat
 - Level 3.0 Shapeshifting


You had 7 spell levels left.
You didn't know any spells.
Your spell library contained the following spells:

 Spells                   Type           Power      Damage    Failure   Level
 Kiss of Death            Conj/Necr      0%         2d5       24%         1
 Lesser Beckoning         Tloc           0%         N/A       34%         2
 Confusing Touch          Hex            0%         N/A       56%         3
 Gell's Gravitas          Tloc           0%         N/A       56%         3
 Portal Projectile        Hex/Tloc       0%         N/A       56%         3
 Teleport Other           Tloc           0%         N/A       56%         3
 Tukima's Dance           Hex            0%         N/A       56%         3
 Dispel Undead            Necr           0%         3d6       93%         4
 Iskenderun's Mystic Bla  Conj/Tloc      0%         2d3       93%         4
 Ozocubu's Refrigeration  Ice            0%         4d7       100%        7
 Polar Vortex             Ice            0%         N/A       100%        9
 Simulacrum               Ice/Necr       Unusable   N/A       N/A         6

Dungeon Overview and Level Annotations

Branches:
Dungeon (4/15)             Temple (1/1) D:4

Altars:
Ashenzari
Elyvilon
Fedhas
Gozag
Hepliaklqana
Kikubaaqudgha
Makhleb
Ru
Sif Muna
Trog
Uskayaw
Vehumet
Wu Jian
Xom
Yredelemnul
Zin

Annotations:
D:3 exclusion: oklob plant
D:4 Pikel


Innate Abilities, Weirdness & Mutations

You are a hulking beast.
Your limbs bulge with bestial killing power. (Slay +2)
You cannot wear most types of armour.
You are amphibious.
You can wear up to eight rings at the same time.
Your skin changes colour to match your surroundings (Stealth+).
Your rubbery body absorbs attacks. (AC +1, EV +1)
((You are camouflaged when in or above water. (Stealth+)))
You have tentacles for arms and can constrict up to eight enemies at once.


Message History

You constrict the lemure. The lemure hits you. The lemure misses you.
You hit the lemure.
You squeeze the lemure, but do no damage.
The lemure is lightly wounded.
You constrict the lemure. You barely miss the lemure.
The lemure is moderately wounded.
You constrict the lemure. The lemure hits you!
You hit the lemure.
The lemure is moderately wounded.
You constrict the lemure. The lemure completely misses you.
You release your grip on the lemure.
The lemure attacks as you move away! The lemure hits you.
You hit Pikel. You grab Pikel. You squeeze Pikel.
Pikel is lightly wounded.
You constrict Pikel.
Pikel hits you with a +0 whip of freezing.
Pikel freezes you.
You hit Pikel but do no damage. You squeeze Pikel.
Pikel is moderately wounded.
You constrict Pikel, but do no damage.
Pikel hits you with a +0 whip of freezing.
Pikel freezes you.
You hit Pikel but do no damage.
Pikel is moderately wounded.
You constrict Pikel. Pikel completely misses you.
You hit Pikel but do no damage.
Pikel is moderately wounded.
You constrict Pikel.
Pikel hits you with a +0 whip of freezing!
Pikel freezes you.
* * * LOW HITPOINT WARNING * * *
You hit Pikel but do no damage. Lightning courses through Pikel!!
Pikel is almost dead.
You constrict Pikel.
Pikel hits you with a +0 whip of freezing!
* * * LOW HITPOINT WARNING * * *
Pikel freezes you.
You die...
Your body crumbles into a pile of gold.

#.# #. ...........##.#
... ##. ##.......##.#
.....#. #....##....#
#..... ####.....#.##..
...#.###........#.#..#
...5.........÷..#...
#55#...##.....##...
#K#.#....###..###.
#h#.......##÷.#.#.
#<#...<...##÷...#.
#.###.....##÷÷####
#...#.............
###.#...#.###..###
#.#...#.#.)....#
#.#...+.#..))#..
#.#...###.#.####
#######.##'####.##....


You could see Pikel and 3 lemures.

Vanquished Creatures
  Grinder (D:4)
  Edmund (D:4)
  An ogre (D:4)
  A lemure (D:4)
  A howler monkey (D:4)
  4 crimson imps (D:3)
  A hound (D:4)
  Natasha (twice) (D:2)
  2 orc wizards (D:3)
  Terence (D:2)
  5 adders
  3 gnolls (D:4)
  2 dart slugs
  9 orcs
  8 ball pythons
  11 endoplasms
  3 giant cockroaches
  4 goblins
  8 hobgoblins
  5 jackals (D:4)
  6 quokkas
  2 bats
  A frilled lizard (D:1)
  6 kobolds
  11 rats (D:1)
99 creatures vanquished.

Notes
Turn   | Place    | Note
-------+----------+-------------------------------------------
     0 | D:1      | Maxmaps the Octopode Shapeshifter began the quest for the
                  | Orb.
     0 | D:1      | Reached XP level 1. HP: 13/13 MP: 1/1
    54 | D:1      | Reached skill level 1 in Stealth
   199 | D:1      | Reached XP level 2. HP: 18/18 MP: 2/2
   300 | D:1      | Found a faded altar of an unknown god.
   552 | D:1      | Reached XP level 3. HP: 23/23 MP: 3/3
  1066 | D:2      | Reached skill level 5 in Stealth
  1181 | D:2      | Reached XP level 4. HP: 19/28 MP: 4/4
  1398 | D:2      | Noticed Terence
  1408 | D:2      | Killed Terence
  1409 | D:2      | Reached skill level 2 in Fighting
  1508 | D:2      | Noticed Natasha
  1513 | D:2      | Killed Natasha
  1514 | D:2      | Reached XP level 5. HP: 31/35 MP: 5/5
  1546 | D:2      | Noticed Natasha
  1549 | D:2      | Killed Natasha
  1550 | D:2      | Reached skill level 3 in Fighting
  2024 | D:3      | Reached skill level 4 in Fighting
  2260 | D:3      | Found a shimmering altar of Xom.
  2277 | D:3      | Reached XP level 6. HP: 44/44 MP: 6/6
  2497 | D:3      | Reached skill level 5 in Fighting
  2644 | D:3      | Found a blossoming altar of Fedhas.
  2660 | D:3      | Noticed an oklob plant
  2910 | D:4      | Identified the ring "Gutazyud" {rPois rCorr Int+4 Dex-4}
  2968 | D:4      | Noticed Grinder
  2976 | D:4      | Killed Grinder
  2977 | D:4      | Reached skill level 6 in Fighting
  2977 | D:4      | Reached XP level 7. HP: 38/53 MP: 7/7
  3079 | D:4      | Noticed Edmund
  3110 | D:4      | Killed Edmund
  3111 | D:4      | Reached skill level 7 in Fighting
  3590 | D:4      | Found a staircase to the Ecumenical Temple.
  3600 | Temple   | Entered the Ecumenical Temple
  3609 | Temple   | Became a worshipper of Gozag Ym Sagoz the Greedy
  3634 | D:4      | Reached XP level 8. HP: 42/60 MP: 8/8
  3751 | D:4      | Noticed Pikel
  3765 | D:4      | HP: 2/60 [Pikel/+0 whip of freezing (11)]
  3765 | D:4      | Slain by Pikel

Illustrated notes

Levels and vault maps discovered:
D:1:      psy_arrival_radial01, layout_basic, hellmonk_ecumenical_altar_blasted,
          minmay_rat_gold_closets
D:2:      layout_loops_cross, uniq_natasha, uniq_terence
D:3:      layout_loops_ring, led_xom_imps, tgw_fedhas
D:4:      layout_basic, minmay_temple_entry_wispy, st_stairs_6,
          minmay_close_crescents, uniq_pikel, uniq_edmund, uniq_grinder
Temple:   nicolae_temple_ecumenical_triangle

Skill      XL: |  1  2  3  4  5  6  7 |
---------------+----------------------+-----
Stealth        | 2 3 5 |  5.1
Fighting       | 2 4 6 7 |  7.4
Short Blades   | 2 |  2.1
Dodging        | |  2.0
Unarmed Combat | |  3.5
Shapeshifting  | |  3.0

Action                     |  1- 3 |  4- 6 |  7- 9 || total
---------------------------+-------+-------+-------++-------
  Melee: Unarmed           |    62 |    97 |    53 ||   212
         Tentacles         |    11 |    21 |    17 ||    49
         Constrict         |    13 |    23 |    19 ||    55
         Punch             |     1 |     2 |     2 ||     5
         Dagger            |       |       |    33 ||    33
    Use: Potion            |       |     1 |     1 ||     2
         Scroll            |       |       |     5 ||     5
   Stab: Sleeping          |    19 |    10 |       ||    29
         Distracted        |       |       |     1 ||     1
 Armour: Skin              |     1 |     7 |    15 ||    23
  Dodge: Dodged            |    17 |    32 |    42 ||    91

Table legend: (Time is in decaauts)
 A = Elapsed time spent in this place.
 B = Non-inter-level travel time spent in this place.
 C = Inter-level travel time spent in this place.
 D = Time resting spent in this place.
 E = Time spent auto-exploring this place.
 F = Levels seen in this place.
 G = Mean time per level.
                   A        B        C        D        E       F      G
               +--------+--------+--------+--------+--------+-----+--------+
         Total |   3750 |   3569 |    181 |    309 |   2525 |   5 |  750.0 |
       Dungeon |   3732 |   3567 |    165 |    309 |   2525 |   4 |  933.0 |
        Temple |     18 |      2 |     16 |      0 |      0 |   1 |   18.0 |
               +--------+--------+--------+--------+--------+-----+--------+

Top non-repeatable levels by time:
     D:4: 993 daAuts
     D:3: 934 daAuts
     D:2: 924 daAuts
     D:1: 880 daAuts
  Temple: 18 daAuts
